 Dungeon Crawl Stone Soup version 0.28-a0-906-g0406aca7d3 (webtiles) character file.

Game seed: 4981735768652271500

144 pokeman the Magician (level 5, -8/29 HPs)
             Began as a Deep Elf Hedge Wizard on Nov 24, 2021.
             Mangled by an ogre (31 damage)
             ... on level 5 of the Dungeon.
             The game lasted 00:05:03 (3016 turns).

pokeman the Magician (Deep Elf Hedge Wizard)        Turns: 3016, Time: 00:05:04

Health: -8/29      AC:  2    Str:  7    XL:     5   Next: 5%
Magic:  7/15       EV: 13    Int: 20    God:
Gold:   105        SH:  0    Dex: 14    Spells: 5/16 levels left

rFire   . . .      SeeInvis .   g - staff of death
rCold   . . .      Faith    .   (no shield)
rNeg    + . .      Spirit   .   b - +0 robe
rPois   .          Reflect  .   c - +0 hat
rElec   .          Harm     .   (no cloak)
rCorr   .          Rampage  .   (no gloves)
Will    .....                   (no boots)
Stlth   ++........              (no amulet)
HPRegen 0.09/turn               (no ring)
MPRegen 0.14/turn               (no ring)

@: no status effects
A: no striking features
a: no special abilities


You were on level 5 of the Dungeon.
You visited 1 branch of the dungeon, and saw 4 of its levels.

You collected 105 gold pieces.

Inventory:

Armour
 b - a +0 robe (worn)
 c - a +0 hat (worn)
 h - a +0 tower shield
Magical Staves
 g - a staff of death (weapon)
Jewellery
 l - a +6 ring of strength
Scrolls
 a - 2 scrolls of immolation {unknown}
 d - a scroll of teleportation {unknown}
 e - 2 scrolls of identify {unknown}
 i - a scroll of enchant weapon {unknown}
 j - a scroll of vulnerability {unknown}
 m - a scroll of amnesia {unknown}
Potions
 f - a potion of brilliance {unknown}
 k - a potion of curing {unknown}
 n - a potion of flight {unknown}


   Skills:
 - Level 1.0 Fighting
 - Level 1.0 Armour
 - Level 3.0 Dodging
 + Level 2.4 Stealth
 + Level 0.8 Shields
 * Level 6.0 Spellcasting
 + Level 2.5 Conjurations
 - Level 1.1 Summonings
 - Level 1.1 Translocations


You had 5 spell levels left.
You knew the following spells:

 Your Spells              Type           Power      Damage    Failure   Level
a - Magic Dart            Conj           64%        1d6       3%          1
b - Mephitic Cloud        Conj/Pois/Air  9%         N/A       22%         3
c - Call Imp              Summ           10%        N/A       10%         2
d - Blink                 Tloc           20%        N/A       10%         2
e - Conjure Flame         Conj/Fire      11%        6-21      19%         3

Your spell library contained the following spells:

 Spells                   Type           Power      Damage    Failure   Level
 Slow                     Hex            24%        N/A       11%         1
 Scorch                   Fire           12%        2d6       16%         2
 Ignite Poison            Fire/Tmut/Pois 6%         N/A       30%         3
 Flame Wave               Conj/Fire      11%        3d4       52%         4
 Hailstorm                Conj/Ice       11%        3d5       52%         4
 Sticky Flame             Conj/Fire      11%        2d3       52%         4
 Ice Form                 Ice/Tmut       6%         N/A       71%         4
 Simulacrum               Ice/Necr       4%         N/A       100%        6
 Summon Cactus Giant      Summ           5%         N/A       100%        6


Dungeon Overview and Level Annotations

Branches:
Dungeon (3/15)

Altars:

Shops:
D:1 (   D:2 =*


Message History

The ogre shouts!
Casting: Conjure Flame (quite dangerous; 19% risk of failure)
Confirm with . or Enter, or press ? or * to list all spells.
The spell is quite dangerous to cast (22% risk of failure)!
Continue anyway?
Aiming: Mephitic Cloud (quite dangerous; 22% risk of failure)
Press: ? - help, Shift-Dir - straight line, f - ogre
Aim: an ogre, wielding a +0 giant club (chance to affect: 77%)
You miscast Mephitic Cloud.
You are very lightly contaminated with residual magic.
Nothing appears to happen.
Unknown command.
An ogre comes into view. It is wielding a +0 giant club.
The ogre shouts!
Casting: Mephitic Cloud (quite dangerous; 22% risk of failure)
Confirm with . or Enter, or press ? or * to list all spells.
You blink.
Your magical contamination has completely faded away.
You feel stable enough to blink again.
Casting: Blink (safe; 10% risk of failure)
Confirm with . or Enter, or press ? or * to list all spells.
The spell is quite dangerous to cast (19% risk of failure)!
Continue anyway?
The fire begins to smoulder!
The fire ignites!
Casting: Conjure Flame (quite dangerous; 19% risk of failure)
Confirm with . or Enter, or press ? or * to list all spells.
The spell is quite dangerous to cast (22% risk of failure)!
Continue anyway?
Aiming: Mephitic Cloud (quite dangerous; 22% risk of failure)
Press: ? - help, Shift-Dir - straight line, f/p - ogre
Aim: an ogre, wielding a +0 giant club (chance to affect: 77%)
The ball explodes into a vile cloud!
The stinking cloud engulfs the ogre but does no damage. x2
The ogre is engulfed in noxious fumes.
Unknown command.
Unknown command.
You hit the ogre.
The ogre is lightly wounded.
The ogre is engulfed in blazing flames.
The ogre hits you with a +0 giant club!!
Ouch! That really hurt!
You die...

#.....##
.......## ..#
........# #.#
........+ ...
........# #.#
.......## ..#
#.....## #.#
##...## #.# ##'##
#@# #.# #O# ###.#
#°# ..#.## #O#
#...###########.#
##...#..........#
##.##.#######..#
#.##.# #......#
##.##.###O###.##


You could see 2 ogres.

Vanquished Creatures
  A bullfrog zombie (D:5)
  An orc priest (D:3)
  A gnoll (D:1)
  An adder (D:3)
  2 worms (D:2)
  An orc (D:3)
  7 endoplasms
  3 giant cockroaches
  A goblin (D:3)
  A hobgoblin (D:2)
  7 jackals (D:1)
  4 quokkas
  4 ball pythons
  4 bats
  4 frilled lizards
  4 kobolds
  3 rats
49 creatures vanquished.

Vanquished Creatures (collateral kills)
  2 orcs (D:3)
2 creatures vanquished.

Grand Total: 51 creatures vanquished

Notes
Turn   | Place    | Note
-------+----------+-------------------------------------------
     0 | D:1      | pokeman the Deep Elf Hedge Wizard began the quest for the
                  | Orb.
     0 | D:1      | Reached XP level 1. HP: 10/10 MP: 7/7
   190 | D:1      | Found Denuz's Antique Weapon Shoppe.
   262 | D:1      | Reached XP level 2. HP: 16/16 MP: 3/9
   457 | D:1      | Found a faded altar of an unknown god.
   571 | D:1      | Reached skill level 5 in Spellcasting
   730 | D:1      | Reached XP level 3. HP: 20/20 MP: 5/11
   734 | D:1      | Learned a level 3 spell: Mephitic Cloud
   737 | D:1      | Learned a level 2 spell: Call Imp
   740 | D:1      | Learned a level 2 spell: Blink
   745 | D:1      | Learned a level 3 spell: Conjure Flame
  1252 | D:2      | Found Lankum's Assorted Antiques.
  1599 | D:2      | Reached skill level 1 in Armour
  2000 | D:2      | Found Waejy's Jewellery Shop.
  2225 | D:2      | Reached skill level 1 in Fighting
  2564 | D:3      | Reached XP level 4. HP: 25/25 MP: 4/13
  2926 | D:3      | You fall into a shaft and drop 2 floors!
  2926 | D:5      | Entered Level 5 of the Dungeon
  2963 | D:5      | Reached skill level 6 in Spellcasting
  2963 | D:5      | Reached XP level 5. HP: 18/29 MP: 11/15
  2991 | D:5      | Noticed an ogre
  2998 | D:5      | Noticed an ogre
  3016 | D:5      | Mangled by an ogre

Illustrated notes

Levels and vault maps discovered:
D:1:      ebering_trefoil_twist, layout_loops_ring, serial_shops,
          nicolae_shop_competitors_out_of_business,
          shapermc_ecumenical_altar_venn, minmay_pentomino_t2
D:2:      layout_loops_corners, serial_shops, nicolae_shop_crystal, shop
D:3:      layout_basic, serial_corexii_hall, chequers_hall_statues_wall_a,
          chequers_hall_statues_wall_a
D:5:      layout_loops_corners, gup_ossuary_entry_pyramid

Skill      XL: |  1  2  3  4 |
---------------+-------------+-----
Spellcasting   | 5 6 |  6.0
Armour         | 1 |  1.0
Conjurations   | 2 |  2.5
Fighting       | 1 |  1.0
Dodging        | 3 |  3.0
Stealth        | |  2.4
Shields        | |  0.8
Summonings     | |  1.1
Translocations | |  1.1

Action                   |  1- 3 |  4- 6 || total
-------------------------+-------+-------++-------
Melee: Dagger            |     7 |       ||     7
       Staff             |     2 |     3 ||     5
 Cast: Magic Dart        |   134 |    13 ||   147
       Conjure Flame     |       |     2 ||     2
       Call Imp          |       |     1 ||     1
       Mephitic Cloud    |       |     1 ||     1
       Blink             |       |     1 ||     1
Armor: Robe              |     4 |       ||     4
Dodge: Dodged            |    17 |     4 ||    21

Table legend: (Time is in decaauts)
 A = Elapsed time spent in this place.
 B = Non-inter-level travel time spent in this place.
 C = Inter-level travel time spent in this place.
 D = Time resting spent in this place.
 E = Time spent auto-exploring this place.
 F = Levels seen in this place.
 G = Mean time per level.
                   A        B        C        D        E       F      G
               +--------+--------+--------+--------+--------+-----+--------+
         Total |   3015 |   2982 |     33 |    245 |   2345 |   4 |  753.8 |
       Dungeon |   3015 |   2982 |     33 |    245 |   2345 |   4 |  753.8 |
               +--------+--------+--------+--------+--------+-----+--------+

Top non-repeatable levels by time:
     D:2: 1400 daAuts
     D:1: 1064 daAuts
     D:3: 460 daAuts
     D:5: 90 daAuts
